Map: 세룰리안 폴 - 래더

Players

Bunny - Winner!

  • Race: Terran Terran
  • League: Diamond
  • Spawn Location: 1:00

soO

  • Race: Zerg Zerg
  • League: Master
  • Spawn Location: 7:00

Event: HomeStory Cup XVIII

VOD

Have the link to the VOD?

Description

Time

  • Played on: Nov. 23, 2018, 8:18 a.m.
  • Length: 13:53

All games in this series

Show
View Real Time Build Order
Export as new Build Order

Bunny Terran - Winner!

Build Orders: Liberator Opening, Reaper Expand 

Get SALT Encoding   

  12  0:00  SCV  
  13  0:12  SCV  
  14  0:17  Supply Depot  
  14  0:25  SCV  
  15  0:38  SCV  
  15  0:39  Barracks  
  16  0:43  Refinery  
  16  0:51  SCV  
  17  1:03  SCV  
  18  1:15  SCV  
  19  1:27  Reaper, Orbital Command  
  20  1:39  Command Center  
  20  1:51  Supply Depot  
  20  1:52  SCV  
  21  1:59  Marine  
  22  2:04  SCV  
  22  2:07  Factory  
  23  2:16  SCV  
  23  2:18  Refinery  
  23  2:21  Barracks Reactor  
  24  2:28  SCV  
  25  2:40  SCV  
  24  2:53  SCV  
  24  2:55  Starport  
  25  3:01  Hellion x2  
  25  3:05  SCV  
  30  3:14  Barracks Tech Lab  
  30  3:15  Orbital Command  
  30  3:17  SCV  
  31  3:22  Hellion x2  
  35  3:29  SCV  
  36  3:39  Supply Depot  
  36  3:41  SCV  
  37  3:42  SCV  
  37  3:43  Hellion, Liberator  
  37  3:44  Hellion  
  42  3:53  SCV  
  42  3:54  SCV  
  44  3:56  Marine  
  44  4:02  Supply Depot  
  48  4:05  SCV  
  48  4:06  SCV  
  50  4:18  SCV x2  
  50  4:22  Command Center  
  52  4:30  SCV  
  52  4:31  SCV  
  54  4:36  Stimpack  
  54  4:38  Barracks  
  54  4:40  Barracks  
  54  4:42  SCV  
  54  4:43  Supply Depot  
  55  4:47  Factory Reactor, Starport Reactor  
  55  4:49  SCV  
  55  4:52  Marine  
  57  4:54  SCV  
  58  5:00  Engineering Bay  
  58  5:02  Engineering Bay, SCV  
  58  5:06  SCV  
  60  5:11  Marine  
  61  5:14  SCV  
  61  5:18  SCV  
  63  5:26  SCV  
  63  5:30  Marine x2, SCV  
  63  5:32  Medivac x2  
  63  5:34  Terran Infantry Weapons Level 1, Terran Infantry Armor Level 1  
  68  5:36  Factory Tech Lab, Orbital Command  
  68  5:37  Marine  
  68  5:38  Marine x2  
  68  5:41  SCV  
  68  5:42  SCV  
  73  5:44  Refinery  
  73  5:45  Refinery  
  73  5:48  Supply Depot  
  73  5:50  Marine  
  73  5:51  Marine  
  73  5:55  Marine x2, SCV x2  
  79  5:57  Siege Tank  
  77  6:04  Medivac  
  77  6:06  Marine  
  77  6:08  Marine x2  
  77  6:10  Orbital Command  
  77  6:11  SCV x2  
  84  6:13  Marine  
  85  6:23  SCV x2  
  85  6:25  Medivac  
  89  6:30  Supply Depot  
  89  6:31  Barracks  
  89  6:32  Barracks  
  89  6:34  Medivac  
  89  6:39  SCV  
  93  6:40  SCV  
  93  6:44  Armory  
  93  6:48  Marine x4, SCV  
  93  6:51  SCV  
  93  6:52  Combat Shield  
  99  6:54  SCV  
  99  6:56  Refinery  
  99  6:58  Supply Depot, Widow Mine  
  99  7:00  SCV  
  103  7:02  Marine, Liberator  
  103  7:04  SCV  
  103  7:05  Marine x2  
  103  7:06  SCV  
  108  7:12  SCV  
  109  7:15  Supply Depot  
  109  7:19  SCV  
  109  7:22  Widow Mine  
  115  7:29  Marine x4, SCV x2  
  114  7:31  SCV, Barracks Reactor x2  
  114  7:32  Factory  
  114  7:35  Supply Depot  
  114  7:36  Supply Depot  
  112  7:45  Terran Infantry Armor Level 2  
  112  7:46  Marine  
  112  7:47  Marine x4  
  112  7:48  SCV x3  
  112  7:50  Refinery  
  116  7:51  Widow Mine  
  116  7:54  Terran Infantry Weapons Level 2  
  118  8:04  Marine  
  109  8:06  SCV  
  109  8:07  SCV x2  
  109  8:12  Marine  
  111  8:13  Widow Mine, Marine x7  
  121  8:20  Medivac x2  
  121  8:22  Marine  
  121  8:23  SCV x2  
  121  8:24  SCV  
  129  8:30  Marine x2, Factory Reactor  
  129  8:32  Drilling Claws  
  129  8:33  Supply Depot  
  128  8:38  Widow Mine, Marine  
  128  8:39  Marine x5  
  126  8:47  Marine  
  126  8:48  Marine x2  
  126  8:50  Medivac x2  
  131  8:56  Marine  
  131  9:00  Barracks  
  131  9:02  Barracks  
  130  9:04  Barracks  
  130  9:06  Marauder  
  130  9:07  Widow Mine x3  
  138  9:13  Supply Depot  
  138  9:15  Supply Depot  
  126  9:19  Marine  
  126  9:20  Marine  
  126  9:23  Command Center  
  128  9:27  Marauder  
  128  9:31  Marine x6  
  128  9:37  Widow Mine x3  
  131  9:43  Terran Vehicle And Ship Armor Level 1  
  131  9:48  Supply Depot  
  131  9:49  Marauder, Sensor Tower  
  131  9:56  Marine x7  
  131  9:58  Widow Mine x2, Barracks Reactor  
  140  10:10  Marauder, Barracks Reactor, Barracks Tech Lab  
  140  10:11  Marine  
  140  10:12  Widow Mine  
  140  10:14  Marine  
  146  10:19  Widow Mine  
  146  10:20  Widow Mine, Medivac x2  
  148  10:23  Marine x6  
  149  10:28  Marine  
  149  10:31  Marauder  
  149  10:33  Marauder  
  149  10:34  Widow Mine  
  149  10:35  Marine  
  138  10:44  Marine x3  
  139  10:51  Widow Mine x2  
  139  10:53  Marauder  
  139  10:55  Marine x8, Marauder  
  140  10:57  Marine  
  140  11:00  Widow Mine  
  140  11:01  Concussive Shells  
  140  11:02  Marine  
  133  11:07  Marine x2  
  135  11:12  Marine  
  135  11:13  Widow Mine x2, Marine, Terran Infantry Weapons Level 3  
  135  11:14  Marauder  
  135  11:16  Marine  
  135  11:17  Marine x3  
  135  11:18  Marine  
  139  11:26  Widow Mine  
  139  11:27  Marine  
  139  11:28  Marine x5  
  139  11:30  Marine  
  139  11:31  Marine  
  147  11:34  Widow Mine, Marine  
  147  11:36  Widow Mine, Marauder  
  147  11:39  Marine x4  
  158  11:44  Planetary Fortress  
  158  11:45  Marine x3  
  158  11:46  Supply Depot, Marine x2, Marauder  
  167  11:47  Widow Mine  
  167  11:48  Marine x2  
  167  11:52  Marine  
  170  11:55  Widow Mine, Medivac  
  170  11:56  Marine x2  
  170  11:57  Marine  
  170  11:58  Widow Mine  
  179  12:05  Marine  
  179  12:06  Marine x5  
  179  12:08  Widow Mine, Marauder  
  189  12:15  Marauder  
  188  12:17  Widow Mine  
  188  12:19  Marine x6  
  188  12:22  Widow Mine  
  189  12:29  Marauder, Marine  
  183  12:34  Medivac x2  
  183  12:36  Marine x3, Marauder  
  185  12:50  Marauder  
  174  12:55  Marine x7  
  174  12:58  Marauder, Marine x2  
  185  13:00  Marine  
  185  13:04  Marine x2, Medivac x2  
  192  13:12  Marauder  
  182  13:14  Widow Mine x3  
  182  13:19  Marauder  
  185  13:24  Marine  
  185  13:25  Marine x4  
  190  13:28  Marine x3  
  190  13:29  Marine x2  
Show
View Real Time Build Order
Export as new Build Order

soO Zerg 

Build Orders: Pool First 

Get SALT Encoding   

  12  0:00  Drone  
  13  0:12  Overlord  
  13  0:17  Drone  
  14  0:30  Drone x2  
  14  0:34  Drone  
  17  0:48  Drone, Spawning Pool  
  17  1:08  Hatchery  
  17  1:10  Drone  
  17  1:15  Drone  
  18  1:24  Extractor  
  17  1:34  Queen  
  17  1:35  Zergling x4  
  17  1:39  Overlord  
  21  1:49  Drone  
  22  2:00  Drone  
  23  2:10  Queen  
  23  2:11  Drone  
  26  2:21  Drone x2  
  28  2:23  Queen  
  28  2:29  Metabolic Boost  
  30  2:35  Overlord  
  30  2:37  Drone  
  30  2:42  Drone x2  
  32  2:47  Drone x3  
  34  2:58  Drone  
  34  2:59  Drone  
  36  3:07  Hatchery  
  36  3:08  Drone  
  36  3:11  Drone  
  37  3:15  Drone x2  
  39  3:20  Drone  
  39  3:22  Queen  
  42  3:27  Zergling x4  
  42  3:32  Overlord  
  44  3:41  Overlord  
  44  3:48  Overlord  
  44  3:53  Drone x5  
  44  3:55  Zergling x6  
  52  4:00  Queen  
  54  4:07  Zergling x2  
  54  4:08  Drone  
  56  4:10  Drone x2  
  56  4:14  Baneling Nest  
  57  4:21  Drone x2  
  57  4:22  Drone  
  60  4:24  Lair  
  60  4:28  Drone x3  
  60  4:31  Extractor x2, Drone  
  62  4:32  Spore Crawler  
  62  4:34  Queen  
  62  4:35  Drone x3  
  66  4:42  Drone x2  
  66  4:43  Drone  
  69  4:48  Drone  
  70  4:53  Overlord  
  70  4:56  Drone x2  
  70  4:58  Overlord  
  72  5:05  Overlord  
  72  5:06  Overlord  
  72  5:08  Overlord  
  71  5:16  Drone x2, Overlord  
  71  5:18  Drone x2  
  71  5:19  Evolution Chamber  
  71  5:20  Evolution Chamber  
  72  5:21  Drone  
  72  5:27  Zergling x4  
  72  5:28  Zergling x6  
  72  5:36  Zergling x4  
  72  5:39  Drone  
  75  5:43  Drone x4  
  75  5:44  Drone x3  
  75  5:48  Zerg Ground Armor Level 1, Zerg Melee Weapons Level 1  
  82  5:59  Zergling x2  
  82  6:00  Zergling x6  
  81  6:05  Zergling x12  
  81  6:06  Zergling x2  
  83  6:15  Zergling x6  
  83  6:19  Drone x3  
  86  6:27  Roach Warren  
  86  6:30  Extractor  
  86  6:32  Extractor  
  82  6:36  Drone x3  
  82  6:39  Drone x3  
  88  6:40  Hatchery  
  88  6:43  Hydralisk Den  
  88  6:44  Baneling x7  
  88  6:45  Zergling x2  
  88  6:47  Drone x2  
  88  6:49  Overlord  
  89  6:56  Hatchery  
  89  6:59  Zergling x2  
  89  7:00  Zergling x4  
  91  7:06  Zergling x6  
  91  7:07  Overseer  
  94  7:13  Grooved Spines, Centrifical Hooks  
  94  7:14  Drone  
  94  7:15  Drone x4  
  97  7:29  Drone x6  
  100  7:37  Baneling x4  
  100  7:38  Pneumatized Carapace, Hydralisk  
  100  7:39  Hydralisk x4  
  105  7:47  Queen  
  105  7:49  Zerg Melee Weapons Level 2, Drone, Zerg Ground Armor Level 2  
  108  7:54  Drone x2  
  108  7:55  Drone x4  
  112  8:01  Hydralisk x2  
  112  8:02  Hydralisk  
  115  8:11  Queen, Hydralisk  
  115  8:12  Hydralisk, Zergling x2  
  122  8:13  Zergling x12  
  124  8:21  Queen  
  124  8:24  Hydralisk x3  
  124  8:25  Zergling x4  
  130  8:35  Overlord  
  130  8:37  Overlord  
  128  8:41  Overlord  
  128  8:43  Muscular Augments  
  128  8:45  Overlord x3  
  122  8:55  Drone  
  122  8:56  Drone  
  122  9:00  Drone x8  
  122  9:01  Hydralisk x3  
  122  9:02  Hydralisk, Zergling x2  
  141  9:03  Zergling x8  
  142  9:13  Zergling x10  
  143  9:21  Baneling  
  143  9:22  Baneling x11  
  143  9:23  Hydralisk  
  143  9:24  Hydralisk x2  
  143  9:27  Overlord  
  143  9:28  Extractor  
  138  9:34  Hydralisk x3  
  138  9:35  Zergling x12  
  144  9:50  Hydralisk x3  
  144  9:51  Zergling x6  
  150  9:54  Extractor  
  148  10:00  Hydralisk x2  
  148  10:01  Zergling x12  
  153  10:10  Overseer x2  
  153  10:13  Zergling x2  
  153  10:14  Zergling x22  
  157  10:32  Zergling x14  
  164  10:42  Drone x3  
  145  10:43  Drone x4  
  145  10:46  Zergling x6  
  145  10:47  Zergling x2  
  145  10:48  Hatchery  
  152  10:53  Zergling x14  
  149  10:57  Hydralisk x2  
  147  11:05  Drone  
  147  11:07  Zerg Missile Weapons Level 1  
  147  11:09  Baneling x10  
  147  11:10  Hydralisk x2  
  147  11:11  Zergling x12  
  153  11:18  Drone x2  
  160  11:24  Hydralisk x2, Zergling x2  
  160  11:25  Zergling x4  
  160  11:29  Baneling x8  
  160  11:38  Overlord x2  
  160  11:39  Zergling x10  
  165  11:45  Overlord x3  
  165  11:46  Overlord  
  165  11:50  Infestation Pit  
  165  11:53  Baneling  
  164  11:59  Zergling x18  
  164  12:00  Zergling x2  
  169  12:26  Hatchery  
  169  12:27  Hatchery  
  155  12:34  Drone x3  
  155  12:36  Zergling x26  
  168  12:42  Zergling x6  
  161  12:51  Overseer  
  161  12:58  Zergling x22  
  162  12:59  Zergling x2  
  162  13:02  Zergling x2  
  174  13:06  Overseer, Zergling x4  
  174  13:07  Overseer  
  163  13:15  Baneling  
  163  13:16  Baneling x10  
  163  13:17  Zergling x12  
  166  13:28  Zergling x8  
Tags
 
Add a new tag
Caveats
  • Supply blocks, unpowered buildings, or Contaminate may cause inaccurate times.
  • Supply counts are checked every 10 seconds.